 Dungeon Sprint DCSS version 0.17-a0-1651-gae1a69f (webtiles) character file.

30 Kidiri the Sneak (level 3, -3/16 HPs)
             Began as a Spriggan Enchanter on Aug 14, 2015.
             Slain by a wolf (9 damage)
             ... in the Dungeon (Sprint III: "The Ten Rune Challenge").
             The game lasted 00:01:24 (249 turns).

Kidiri the Sneak (Spriggan Enchanter)                Turns: 249, Time: 00:01:25

Health: -3/16      AC:  3    Str:  4    XL:     3   Next: 3%
Magic:  7/9        EV: 19    Int: 16    God:
Gold:   16         SH:  0    Dex: 17    Spells: 4 memorised, 1 level left

rFire  . . .     SeeInvis +     a - +1 dagger
rCold  . . .     Clarity  .     b - +1 robe
rNeg   . . .     SustAt   .     (shield restricted)
rPois  .         Gourm    .     (helmet restricted)
rElec  .         Spirit   .     (no cloak)
rCorr  .         Warding  .     (gloves unavailable)
rMut   .         NoTele   +     (boots unavailable)
MR     .....                    (no amulet)
Stlth  ++++......               (no ring)
                                (no ring)

@: very quick, not resistant to hostile enchantments, stealthy
A: unfitting armour, see invisible, herbivore 3, speed 3, slow metabolism 2
a: no special abilities


You were in the Dungeon.
You were not hungry.

You visited 1 branch You collected 16 gold pieces.

Inventory:

Hand weapons
 a - a +1 dagger (weapon)
Armour
 b - a +1 robe (worn)
Scrolls
 j - a scroll of blinking
Potions
 g - a potion of haste
 h - a potion of magic
 i - a potion of berserk rage
Books
 c - a book of Maledictions

   Spells                             Type                      Level
   a - Corona                         Hexes                        1
   b - Ensorcelled Hibernation        Hexes/Ice                    2
   c - Confuse                        Hexes                        3
   d - Tukima's Dance                 Hexes                        3
   e - Dazzling Spray                 Conjuration/Hexes            3
Comestibles
 d - a bread ration


   Skills:
 + Level 1.7 Short Blades
 * Level 4.3 Dodging
 * Level 6.7 Stealth
 * Level 4.2 Spellcasting
 + Level 5.2 Hexes
 + Level 0.7 Ice Magic


You had one spell level left.
You knew the following spells:

 Your Spells              Type           Power        Failure   Level  Hunger
a - Corona                Hex            ###....      1%          1    None
b - Ensorcelled Hibernat  Hex/Ice        ##....       10%         2    ##.....
c - Confuse               Hex            ###.....     8%          3    ###....
d - Tukima's Dance        Hex            ###.....     8%          3    ###....


Dungeon Overview and Level Annotations

Branches:
Dungeon (1/1)

Altars:


Innate Abilities, Weirdness & Mutations

You are tiny and cannot use many weapons and most armour.
You have supernaturally acute eyesight.
You are a herbivore.
You cover ground extremely quickly.
You need consume almost no food.


Message History

The wolf bites you but does no damage.
You miss the wolf.
The wolf is lightly wounded.
The wolf misses you. The wolf bites you!
Ouch! That really hurt!
* * * LOW HITPOINT WARNING * * *
Drink which item? (? for menu, Esc to quit)
You feel much better. The wolf bites you!
Ouch! That really hurt!
The wolf closely misses you.
Drink which item? (? for menu, Esc to quit)
Magic courses through your body. The wolf bites you.
Casting: Ensorcelled Hibernation
Confirm with . or Enter, or press ? or * to list all spells.
Aiming: Ensorcelled Hibernation
Press: ? - help, Shift-Dir - straight line, f/p - wolf
Aim: a wolf (lightly wounded, chance to defeat MR: 43%)
The wolf resists with some effort.
The wolf bites you!
Ouch! That really hurt!
You die...

▓.....#....≈.♣♣♣ .#
▓.....#...≈≈...♣♣.#
▓.....#..≈≈≈≈♣..♣.+
▓####'#..≈≈≈≈≈≈♣..#
▓.....#.≈≈≈≈≈≈....#
▓.†.†.#.≈≈≈≈≈.....#
▓.....#.≈≈≈.......#
▓'#####...........#
▓..........h@.....#
▓▓▓▓▓▓▓▓▓▓▓▓▓▓▓▓▓▓▓


You could see a wolf.

Vanquished Creatures
  A human (D)
  2 oozes (D)
  2 rats (D)
5 creatures vanquished.

Vanquished Creatures (others)
  A draconian scorcher (D)
  A yaktaur (D)
2 creatures vanquished.

Grand Total: 7 creatures vanquished

Notes
Turn   | Place    | Note
--------------------------------------------------------------
     0 | D        | Kidiri the Spriggan Enchanter began the quest for the Orb.
     0 | D        | Reached XP level 1. HP: 9/9 MP: 5/5
    65 | D        | Reached skill level 5 in Stealth
    83 | D        | Reached XP level 2. HP: 10/13 MP: 7/7
    87 | D        | Learned a level 2 spell: Ensorcelled Hibernation
   115 | D        | Killed a yaktaur
   142 | D        | Killed a white draconian scorcher
   182 | D        | Noticed a wolf
   182 | D        | Reached skill level 6 in Stealth
   182 | D        | Reached skill level 5 in Hexes
   182 | D        | Reached XP level 3. HP: 11/16 MP: 5/9
   187 | D        | Learned a level 3 spell: Confuse
   191 | D        | Learned a level 3 spell: Tukima's Dance
   249 | D        | Slain by a wolf

Vault maps used:
D:        dungeon_sprint_mu

Action                   || total
-------------------------++-------
Melee: Dagger            ||    27
 Cast: Ensorcelled Hiber ||     5
       Confuse           ||     1
  Use: Potion            ||     3
 Stab: Sleeping          ||     5
